 Dungeon Crawl Stone Soup version 0.18-a0-1390-gc02854d (webtiles) character file.

784 M4edhros the Insei (level 7, -7/43 HPs)
             Began as an Octopode Artificer on Feb 22, 2016.
             Was a Believer of Fedhas.
             Shot with an arrow by a centaur (15 damage)
             ... on level 5 of the Dungeon.
             The game lasted 00:07:32 (4241 turns).

M4edhros the Insei (Octopode Artificer)             Turns: 4241, Time: 00:07:32

Health: -7/43      AC:  1    Str: 11      XL:     7   Next: 86%
Magic:  0/9        EV: 12    Int: 19 (20) God:    Fedhas [**....]
Gold:   289        SH:  0    Dex: 12      Spells: 0 memorised, 6 levels left

rFire  + . .     SeeInvis .       - Unarmed
rCold  x . .     Gourm    .     (no shield)
rNeg   . . .     Faith    .     (helmet restricted)
rPois  .         Spirit   +     g - amulet of guardian spirit
rElec  .         Dismiss  .     B - +4 ring of intelligence
rCorr  .         Reflect  .     y - ring of fire
SustAt .         Harm     .     p - ring of flight
MR     .....                    (no ring)
Stlth  +++.......               (no ring)
                                (no ring)
                                (no ring)
                                (no ring)

@: very slightly contaminated, invisible, not resistant to hostile enchantments,
fairly stealthy
A: almost no armour, amphibious, 8 rings, constrict 8, camouflage 1, gelatinous
body 1
a: Evolution, Sunlight, Renounce Religion, Evoke Flight


You were on level 5 of the Dungeon.
You worshipped Fedhas.
Fedhas was pleased with you.
You were not hungry.

You visited 1 branch of the dungeon, and saw 5 of its levels.

You collected 289 gold pieces.

Inventory:

Hand Weapons
 r - a +2 quarterstaff of chaos
 C - a +0 blowgun
Missiles
 o - 13 sling bullets
 z - 32 poisoned needles
Jewellery
 g - an amulet of guardian spirit (around mantle)
 p - a ring of flight (on tentacle)
 y - a ring of fire (right tentacle)
 B - a +4 ring of intelligence (left tentacle)
Wands
 b - a wand of flame (14/48)
 c - a wand of enslavement (13/24)
 d - a wand of random effects (12/48)
Scrolls
 a - 2 scrolls of random uselessness {unknown}
 e - 3 scrolls of teleportation {unknown}
 h - 3 scrolls of remove curse {unknown}
 j - a scroll of amnesia {unknown}
 k - 3 scrolls of enchant armour {unknown}
 m - 6 scrolls of identify {unknown}
 n - 3 scrolls of magic mapping {unknown}
 s - 2 scrolls of enchant weapon {unknown}
 w - a scroll of recharging {unknown}
 x - a scroll of fog {unknown}
Potions
 t - a potion of flight {unknown}
 u - 3 potions of curing
Books
 A - a Necronomicon

   Spells                             Type                      Level
   a - Haunt                          Necromancy/Summoning         7
   b - Borgnjor's Revivification      Necromancy                   8
   c - Death's Door                   Charms/Necromancy            8
   d - Necromutation                  Transmutation/Necromancy     8
Comestibles
 f - 4 bread rations
 l - 12 fruits
 v - a meat ration
 D - 2 slices of pizza


   Skills:
 - Level 1.0 Fighting
   Level 1.0 Short Blades
 - Level 2.0 Dodging
 - Level 1.3 Stealth
 * Level 7.6 Unarmed Combat
 + Level 3.6 Invocations
 - Level 3.2 Evocations


You had 6 spell levels left.
You didn't know any spells.

Dungeon Overview and Level Annotations

Branches:
Dungeon (5/15)             Temple (0/1) D:5

Altars:
Elyvilon
Fedhas
Gozag
Okawaru
Ru
Yredelemnul


Innate Abilities, Weirdness & Mutations

You cannot wear most types of armour.
You are amphibious.
You can wear up to eight rings at the same time.
You can use your tentacles to constrict eight enemies at once.
Your skin changes colour to match your surroundings (Stealth).
Your rubbery body absorbs attacks (AC +1).


Message History

The centaur shoots an arrow.
The arrow completely misses you.
You see here an arrow.
You strike the helpless centaur from behind!
You tentacle-slap the centaur but do no damage.
The centaur is moderately wounded.
The centaur unwields an uncursed shortbow.
The centaur barely misses you.
You catch the helpless centaur completely off-guard!
You bludgeon the centaur! You squeeze the centaur.
The centaur is severely wounded.
The centaur wields an uncursed shortbow.
The centaur shoots an arrow.
The arrow hits you!!
* * * LOW HITPOINT WARNING * * *
You are too injured to fight recklessly!
You are too injured to fight recklessly!
Drink which item? (? for menu, Esc to quit)
It was a potion of curing.
You feel better.
The centaur shoots an arrow.
The arrow hits you!
You die...
Fedhas appreciates your contribution to the ecosystem.

....... ..... ..... ...
####### ... ######......Z
#.##+# #.....c......
#.##.# #...@........
#.##.# #.(.........c
####..#.# #(...........
#.....#.#####(...........
#.##........(#####.......
#.###.#.####f# .......
#....PP.# #.†..........?
###.....# ####.........
#.##..# .......


You could see a centaur and a friendly wandering mushroom.

Vanquished Creatures
  An ogre (D:4)
  A killer bee (D:2)
  A scorpion (D:5)
  2 giant frog zombies (D:5)
  Crazy Yiuf (D:2)
  4 worker ants
  An iguana (D:4)
  2 orc wizards (D:4)
  A hound skeleton (D:4)
  An adder (D:4)
  4 gnolls
  An adder skeleton (D:4)
  A worm (D:4)
  A dart slug (D:3)
  3 giant geckos
  8 orcs
  3 giant cockroaches
  12 goblins
  4 hobgoblins
  3 jackals (D:4)
  9 kobolds
  6 quokkas
  A ball python (D:3)
  7 bats
  A giant gecko skeleton (D:4)
  3 giant newts
  7 rats
  A spectral orc (D:4)
90 creatures vanquished.

Vanquished Creatures (collateral kills)
  Sigmund (D:4)
  2 ogres (D:4)
  An orc priest (D:4)
  A gnoll (D:3)
  An adder (D:2)
  An adder skeleton (D:4)
  An orc (D:4)
  A goblin (D:2)
9 creatures vanquished.

Vanquished Creatures (others)
  A wandering mushroom (D:4)
  A quokka (D:3)
  A ball python (D:3)
  A rat (D:3)
  64 toadstools
68 creatures vanquished.

Grand Total: 167 creatures vanquished

Notes
Turn   | Place    | Note
--------------------------------------------------------------
     0 | D:1      | M4edhros the Octopode Artificer began the quest for the Orb.
     0 | D:1      | Reached XP level 1. HP: 13/13 MP: 3/3
    52 | D:1      | Reached skill level 1 in Unarmed Combat
    93 | D:1      | Reached XP level 2. HP: 15/18 MP: 4/4
   206 | D:1      | Reached skill level 2 in Unarmed Combat
   416 | D:1      | Reached XP level 3. HP: 23/23 MP: 5/5
   737 | D:2      | Found an iron altar of Okawaru.
   773 | D:2      | Noticed Crazy Yiuf
   778 | D:2      | Killed Crazy Yiuf
   778 | D:2      | Reached skill level 3 in Unarmed Combat
   778 | D:2      | Reached XP level 4. HP: 25/28 MP: 6/6
   883 | D:2      | Found a blossoming altar of Fedhas.
   946 | D:2      | Found a faded altar to an unknown god.
  1000 | D:2      | Found a sacrificial altar of Ru.
  1411 | D:2      | Reached skill level 4 in Unarmed Combat
  1411 | D:2      | Reached XP level 5. HP: 17/33 MP: 7/7
  1466 | D:2      | Became a worshipper of Fedhas Madash
  1696 | D:3      | Found an opulent altar of Gozag.
  2226 | D:3      | Reached skill level 5 in Unarmed Combat
  2329 | D:3      | Reached * piety under Fedhas
  2333 | D:3      | Reached XP level 6. HP: 34/38 MP: 5/8
  2336 | D:3      | Reached skill level 1 in Invocations
  2409 | D:3      | Found a white marble altar of Elyvilon.
  3214 | D:4      | Reached skill level 6 in Unarmed Combat
  3462 | D:4      | Reached XP level 7. HP: 39/43 MP: 7/9
  3529 | D:4      | Noticed Sigmund
  3560 | D:4      | Killed Sigmund
  3561 | D:4      | Reached skill level 7 in Unarmed Combat
  3678 | D:4      | Found a basalt altar of Yredelemnul.
  3849 | D:4      | Reached ** piety under Fedhas
  4010 | D:5      | Entered Level 5 of the Dungeon
  4037 | D:5      | Found a staircase to the Ecumenical Temple.
  4240 | D:5      | HP: 1/43 [centaur/arrow (15)]
  4241 | D:5      | Shot with an arrow by a centaur

Vault maps used:
D:1:      minmay_arrival_loop
D:2:      fedhas_altar_fruit_tree, nicolae_ru_awakened_eye, ecumenical_altar_2,
          first_bread, okawaru_metal_pillars_3, uniq_crazy_yiuf_cottage
D:3:      nicolae_gozag_cash_rules_everything_around_me, elyvilon_altar_4
D:4:      yredelemnul_forgotten_temple_becter, uniq_sigmund
D:5:      black_bear_nest_2, minmay_temple_entry_overgrown

Skill      XL: |  1  2  3  4  5  6  7 |
---------------+----------------------+-----
Unarmed Combat | 1 2 3 4 5 6 7 |  7.6
Invocations    | 2 3 |  3.6
Fighting       | |  1.0
Short Blades   | |  1.0
Dodging        | |  2.0
Stealth        | |  1.3
Evocations     | |  3.2

Action                   |  1- 3 |  4- 6 |  7- 9 || total
-------------------------+-------+-------+-------++-------
Melee: Unarmed           |    51 |   112 |    50 ||   213
       Quarterstaff      |       |    19 |       ||    19
Invok: Evolution         |       |     2 |       ||     2
Evoke: Wand              |       |     6 |       ||     6
  Use: Potion            |       |     7 |     3 ||    10
 Stab: Sleeping          |     5 |     5 |     3 ||    13
       Invisible         |       |       |     4 ||     4
  Eat: Meat ration       |       |     1 |     1 ||     2
       Chunk             |       |     1 |       ||     1
